 Dungeon Crawl Stone Soup version 0.23.2-40-g277498a001 (webtiles) character file.

Game seed: 16074262309271632957

680331 ANON1729 the Slayer (level 27, -7/233 HPs)
             Began as a Demonspawn Monk on Aug 11, 2019.
             Was a High Priest of Makhleb.
             Killed from afar by a white draconian knight (8 damage)
             ... with a shard of ice
             ... on level 4 of the Realm of Zot on Aug 12, 2019.
             The game lasted 09:18:00 (149369 turns).

ANON1729 the Slayer (Demonspawn Monk)             Turns: 149369, Time: 09:18:01

Health: -7/233     AC: 24    Str: 18      XL:     27
Magic:  0/38       EV: 28    Int: 26 (27) God:    Makhleb [*****.]
Gold:   2276       SH:  0    Dex: 15      Spells: 27/49 levels left

rFire    + + .     SeeInvis +   w - +8 longbow "Zephyr" {speed, Dex+3 SInv}
rCold    + . .     Gourm    +   (shield currently unavailable)
rNeg     . . .     Faith    .   V - +2 robe of Integrity {rF+ rC+ rCorr Int-3}
rPois    +         Spirit   +   (helmet unavailable)
rElec    .         Reflect  .   f - +2 cloak "Epriroat" {Str+7 Slay+2}
rCorr    +         Harm     .   t - +0 pair of gloves of the Empire {rPois rC- MR++}
MR       ++++.     Clarity  +   N - +2 pair of boots {Stlth+} Stlth ++++++++..Rnd*Tele +
                                d - amulet "Kufar" {Gourm Int+8 Dex-3}
HPRegen  0.48/turn              l - ring "Mimn" {rF+ rC+ Stlth+}
MPRegen  0.52/turn              a - +5 ring of slaying

@: about to teleport, portal projectile, sanguine armour, slowed, studying 2
skills, very slow
A: antennae 3, blink, clarity, clumsy 1, demonic guardian 3, deterioration 1,
poison resistance, teleportitis 1, weak 1, augmentation 3, magic shield, magic
regeneration, magic link, no potion heal 1, sanguine armour 3
}: 4/15 runes: decaying, serpentine, slimy, silver
a: Blink, Minor Destruction, Lesser Servant of Makhleb, Major Destruction,
Greater Servant of Makhleb, Renounce Religion, Cancel Portal Projectile


You were on level 4 of the Realm of Zot.
You worshipped Makhleb.
Makhleb was extremely pleased with you.
You were not hungry.

You visited 17 branches of the dungeon, and saw 63 of its levels.
You also visited: Sewer, Gauntlet and Wizlab.

You collected 8328 gold pieces.
You spent 6052 gold pieces at shops.

Inventory:

Hand Weapons
 w - the +8 longbow "Zephyr" (weapon) {speed, Dex+3 SInv}
   (You bought it in a shop on level 4 of the Snake Pit)

   Attacks with this weapon are significantly faster.
   It affects your dexterity (+3).
   It lets you see invisible.
 A - the +8 quarterstaff "Kosuthran" {venom, *Corrode +Rage Dex+7 Stlth+}
   (You took it off a deep elf demonologist on level 3 of the Elven Halls)

   It poisons the flesh of those it strikes.
   It affects your dexterity (+7).
   It lets you go berserk.
   It may corrode you when you take damage.
   It makes you more stealthy.
 C - a +8 vampiric lajatang
 M - the +3 dagger of the King {pierce, rPois Str+4 Stlth+}
   (You found it in a Gauntlet)

   It inflicts extra damage upon your enemies.
   It affects your strength (+4).
   It protects you from poison.
   It makes you more stealthy.
 T - a +9 lajatang of protection
Missiles
 P - 435 arrows (quivered)
Armour
 f - the +2 cloak "Epriroat" (worn) {Str+7 Slay+2}
   (You bought it in a shop on level 2 of the Snake Pit)

   It affects your strength (+7).
   It affects your accuracy and damage with ranged weapons and melee attacks
   (+2).
 t - the +0 pair of gloves of the Empire (worn) {rPois rC- MR++}
   (You found it on level 3 of the Elven Halls)

   It makes you vulnerable to cold.
   It protects you from poison.
   It affects your resistance to hostile enchantments.
 N - a +2 pair of boots of stealth (worn)
 V - the +2 robe of Integrity (worn) {rF+ rC+ rCorr Int-3}
   (You bought it in a shop on level 4 of the Snake Pit)

   It affects your intelligence (-3).
   It protects you from fire.
   It protects you from cold.
   It provides partial protection from all sources of acid and corrosion.
Jewellery
 a - a +5 ring of slaying (right hand)
 d - the amulet "Kufar" (around neck) {Gourm Int+8 Dex-3}
   (You bought it in a shop on level 3 of the Depths)

   [amulet of the gourmand]

   It allows you to eat raw meat even when not hungry.
   It affects your intelligence (+8).
   It affects your dexterity (-3).
 l - the ring "Mimn" (left hand) {rF+ rC+ Stlth+}
   (You found it on level 5 of the Pits of Slime)

   [ring of protection from fire]

   It protects you from fire.
   It protects you from cold.
   It makes you more stealthy.
 U - the ring of Gokha {Wiz rF+ Stlth+}
   (You bought it in a shop on level 3 of the Depths)

   [ring of wizardry]

   It improves your spell success rate.
   It protects you from fire.
   It makes you more stealthy.
 Y - the ring "Qaolyufo" {MR+ EV+3 Str+2 Slay+3}
   (You acquired it on level 2 of the Realm of Zot)

   [ring of evasion]

   It affects your evasion (+3).
   It affects your strength (+2).
   It affects your accuracy and damage with ranged weapons and melee attacks
   (+3).
   It affects your resistance to hostile enchantments.
Wands
 b - a wand of clouds (15)
 q - a wand of digging (6)
 x - a wand of acid (24)
 F - a wand of iceblast (69)
 J - a wand of disintegration (99)
Scrolls
 e - 7 scrolls of teleportation
 g - 27 scrolls of remove curse
 i - 8 scrolls of magic mapping
 j - 2 scrolls of summoning
 k - 8 scrolls of immolation
 p - 10 scrolls of enchant armour
 v - 4 scrolls of identify
 z - 5 scrolls of fog
 E - 9 scrolls of fear
 R - 9 scrolls of brand weapon
Potions
 h - 5 potions of ambrosia
 m - 2 potions of might
 n - 2 potions of haste
 o - 3 potions of magic
 r - 23 potions of curing
 s - a potion of heal wounds
 B - 3 potions of berserk rage
 G - 7 potions of brilliance
 K - 5 potions of flight
 S - a potion of resistance
 X - 4 potions of invisibility
 Z - 7 potions of agility
Books
 y - a manual of Bows
 L - a manual of Translocations
Miscellaneous
 u - a lightning rod (4/4)
 D - a lamp of fire
 H - 4 boxes of beasts
 I - a fan of gales (inert)
 O - the horn of Geryon (inert)
 Q - 2 sacks of spiders
 W - a phial of floods
Comestibles
 c - 22 rations


   Skills:
 - Level 22.5 Fighting
 - Level 3.0 Short Blades
   Level 6.1(14.8) Polearms
 - Level 20.3(20.6) Staves
 * Level 9.1 Bows
 - Level 7.0 Armour
 - Level 21.4 Dodging
 - Level 16.2 Stealth
 * Level 11.6 Spellcasting
 - Level 3.4 Hexes
 + Level 3.7 Charms
 - Level 2.3 Summonings
 * Level 3.6 Necromancy
 * Level 9.3 Translocations
 - Level 2.9 Air Magic
 + Level 12.7 Invocations
 + Level 16.1 Evocations


You had 27 spell levels left.
You knew the following spells:

 Your Spells              Type           Power        Failure   Level  Hunger
a - Blink                 Tloc           N/A          1%          2    None
b - Apportation           Tloc           ######       1%          1    None
c - Portal Projectile     Hex/Tloc       #####.       1%          3    None
d - Swiftness             Chrm/Air       ####....     1%          2    None
e - Summon Butterflies    Summ           ####....     1%          1    None
f - Darkness              Hex            ####......   82%         6    #####..
g - Corpse Rot            Necr           N/A          1%          2    None
h - Song of Slaying       Chrm           ####....     1%          2    None
i - Regeneration          Chrm/Necr      ####......   2%          3    None

Your spell library contained the following spells:

 Spells                   Type           Power        Failure   Level  Hunger
 Animate Skeleton         Necr           N/A          1%          1    None
 Confusing Touch          Hex            ####..       1%          1    None
 Corona                   Hex            ####...      1%          1    None
 Infusion                 Chrm           ####         1%          1    None
 Pain                     Necr           ####         1%          1    None
 Summon Small Mammal      Summ           ####         1%          1    None
 Shroud of Golubria       Chrm/Tloc      #####.....   1%          2    None
 Slow                     Hex            ####....     1%          2    None
 Sublimation of Blood     Necr           ####......   1%          2    None
 Gell's Gravitas          Tloc           ######....   1%          3    None
 Lesser Beckoning         Tloc           ######....   1%          3    None
 Recall                   Summ/Tloc      N/A          1%          3    None
 Shock                    Conj/Air       ###.         2%          1    None
 Call Imp                 Summ           ####....     2%          2    None
 Confuse                  Hex            ####....     2%          3    None
 Spectral Weapon          Hex/Chrm       ####....     2%          3    None
 Tukima's Dance           Hex            ####....     2%          3    None
 Vampiric Draining        Necr           ####......   2%          3    None
 Ensorcelled Hibernation  Hex/Ice        ###...       3%          2    None
 Poisonous Vapours        Pois/Air       ###...       3%          2    None
 Summon Guardian Golem    Hex/Summ       ####....     3%          3    None
 Beastly Appendage        Tmut           ###...       4%          1    None
 Flame Tongue             Conj/Fire      ###..        4%          1    None
 Magic Dart               Conj           ###.         4%          1    None
 Sting                    Conj/Pois      ###.         4%          1    None
 Call Canine Familiar     Summ           ####....     4%          3    None
 Sticks to Snakes         Tmut           ###.....     6%          2    None
 Throw Flame              Conj/Fire      ###...       6%          2    None
 Dazzling Spray           Conj/Hex       ###...       6%          3    None
 Inner Flame              Hex/Fire       ###.....     6%          3    None
 Static Discharge         Conj/Air       ###.....     6%          3    None
 Mephitic Cloud           Conj/Pois/Air  ###.....     8%          3    None
 Animate Dead             Necr           N/A          9%          4    None
 Cause Fear               Hex            ####......   10%         4    None
 Conjure Flame            Conj/Fire      ###.....     12%         3    None
 Ignite Poison            Fire/Tmut/Pois ###.....     12%         3    None
 Spider Form              Tmut/Pois      ###.......   12%         3    None
 Airstrike                Air            ####......   12%         4    None
 Summon Lightning Spire   Summ/Air       ####....     13%         4    None
 Dispersal                Tloc           ######....   13%         6    #####..
 Leda's Liquefaction      Hex/Erth       ###.......   19%         4    None
 Summon Ice Beast         Ice/Summ       ###.....     24%         4    None
 Agony                    Necr           ####....     24%         5    ###....
 Dispel Undead            Necr           ####....     24%         5    ###....
 Excruciating Wounds      Chrm/Necr      ####......   24%         5    ###....
 Silence                  Hex/Air        ####......   28%         5    ###....
 Summon Mana Viper        Hex/Summ       ####....     32%         5    ###....
 Ice Form                 Ice/Tmut       ###.....     36%         4    None
 Olgreb's Toxic Radiance  Pois           ###.....     36%         4    None
 Petrify                  Tmut/Erth      ###.....     36%         4    None
 Sticky Flame             Conj/Fire      ###.....     36%         4    None
 Bolt of Draining         Conj/Necr      ###.......   45%         5    ###....
 Yara's Violent Unravell  Hex/Tmut       ###.......   47%         5    ###....
 Lightning Bolt           Conj/Air       ###.......   52%         5    ###....
 Alistair's Intoxication  Tmut/Pois      ###.....     73%         5    ###....
 Blade Hands              Tmut           ###.......   73%         5    ###....
 Bolt of Magma            Conj/Fire/Erth ###.......   73%         5    ###....
 Fireball                 Conj/Fire      ###.......   73%         5    ###....
 Irradiate                Conj/Tmut      ###.......   73%         5    ###....
 Venom Bolt               Conj/Pois      ###.......   73%         5    ###....
 Invisibility             Hex            ####....     82%         6    #####..
 Deflect Missiles         Chrm/Air       ####......   83%         6    #####..
 Conjure Ball Lightning   Conj/Air       ###.......   97%         6    #####..
 Bolt of Fire             Conj/Fire      ###.......   99%         6    #####..
 Freezing Cloud           Conj/Ice/Air   ###.......   99%         6    #####..
 Hydra Form               Tmut           ###.......   99%         6    #####..
 Iron Shot                Conj/Erth      ###.......   99%         6    #####..
 Statue Form              Tmut/Erth      ###......    99%         6    #####..
 Controlled Blink         Tloc           N/A          99%         8    #######
 Dragon Form              Tmut           ###.......   100%        7    ######.
 Haunt                    Necr/Summ      ####......   100%        7    ######.
 Ring of Flames           Chrm/Fire      ###.......   100%        7    ######.
 Summon Hydra             Summ           ####......   100%        7    ######.
 Borgnjor's Revivificati  Necr           ####......   100%        8    #######
 Death's Door             Chrm/Necr      ####......   100%        8    #######
 Discord                  Hex            ####......   100%        8    #######
 Ignition                 Fire           ###.......   100%        8    #######
 Infestation              Necr           ####......   100%        8    #######
 Necromutation            Tmut/Necr      ###.......   100%        8    #######
 Dragon's Call            Summ           ####......   100%        9    #######
 Shatter                  Erth           ###.......   100%        9    #######
 Tornado                  Air            ####......   100%        9    #######


Dungeon Overview and Level Annotations

Branches:
Dungeon (15/15)            Temple (1/1) D:7            Lair (6/6) D:8
  Swamp (4/4) Lair:2        Snake (4/4) Lair:3        Slime (5/5) Lair:6
    Orc (2/2) D:9             Elf (3/3) Orc:2        Vaults (5/5) D:13
  Crypt (3/3) Vaults:3       Tomb (0/3) Crypt:3      Depths (5/5) D:15
   Hell (1/1)                 Dis (1/7) Hell            Geh (1/7) Hell
    Coc (2/7) Hell            Tar (1/7) Hell            Zot (4/5) Depths:5

Altars:
Cheibriados
Dithmenos
Elyvilon
Fedhas
Gozag
Hepliaklqana
Kikubaaqudgha
Makhleb
Nemelex Xobeh
Okawaru
Qazlal
Ru
Sif Muna
Trog
Uskayaw
Vehumet
Wu Jian
Xom
Yredelemnul
Zin
The Shining One
Beogh
Jiyva

Shops:
D:9 [(   Orc:2 ::=   Elf:1 ?   Elf:2 [   Snake:1 =   Snake:2 [[[   Snake:4 !([
Depths:3 ==}

Portals:
Hell: Depths:1 Depths:2 Depths:3 Depths:4 Depths:5
Abyss: Depths:1 Depths:3 Depths:4
Pandemonium: Depths:3
Ziggurat: Depths:4

Annotations:
D:6 3 runed translucent doors, Dowan; Duvessa; ikjuyhgtrf's ghost, novice GrEE
Swamp:4 Lernaean hydra
Snake:4 2 transporters, Amplified's ghost, adept MiBe
Orc:2 exclusion: door
Depths:5 exclusion: 2 doors


Innate Abilities, Weirdness & Mutations

You have a pair of large antennae on your head. (SInv)
A powerful demonic guardian rushes to your aid.
Your magical and physical power is greatly enhanced at high health.
When hurt, damage is shared between your health and your magic reserves.
You regenerate magic rapidly.
When low on magic, you restore magic in place of health.
When seriously injured, your bleeding wounds create very thick armour. (AC +12)
You can translocate small distances at will.
You possess an exceptional clarity of mind.
You are clumsy. (Dex -2)
Your body sometimes deteriorates upon taking damage.
Your system is resistant to poisons. (rPois)
You are occasionally teleported next to monsters.
You are weak. (Str -2)
Potions are less effective at restoring your health.


Message History

* * * LOW HITPOINT WARNING * * *
The death cob drains your vigour!
You feel as though you will be slow longer.
The white draconian knight is engulfed in poison gas.
The white draconian knight looks as sick as possible!
The white draconian knight hits you but does no damage.
The green draconian monk hits you!
* * * LOW HITPOINT WARNING * * *
The green draconian monk kicks you but does no damage.
The green draconian monk tail-slaps you but does no damage. x2
Casting: Portal Projectile (safe; 1% risk of failure)
Confirm with . or Enter, or press ? or * to list all spells.
You don't have enough magic to cast that spell.
Okay, then.
Evoke which item? (* to show all) (? for menu, Esc to quit)
A mighty gale blasts forth from the fan!
The monsters around you are blown away!
The white draconian knight points at you and mumbles some strange words.
The shard of ice hits you! You partially resist.
You die...

#(.# .(.## #..##
).(..# ##...####
##.(..## ##........
#.d..## ##.......
#H((.#####.......
###d...##......##
##....)...q...##...
##○..dHz°.@.......
#..(...2(.......#
##...............#
#...###q........##
##..## ######...##
#..## ##.# #.## ##
###


You could see a green draconian monk, a white draconian knight (invisible), a
red draconian, a death cob, a friendly elder batsting beast and a friendly
reaper.

Vanquished Creatures
  the Royal Jelly (Slime:5)
  Mara (Vaults:5)
  2 ancient liches
  A juggernaut (Depths:2)
  Margery (Vaults:4)
  Bai Suzhen (Swamp:3)
  2 curse toes
  11 golden dragons
  Nikola (Depths:3)
  The ghost of Yrikki the Warrior, an adept HOFi of Beogh (Elf:1)
  3 caustic shrikes (Depths:4)
  Geryon (Hell)
  The ghost of nano the Severer, an adept DDBe of Trog (Vaults:3)
  4 liches
  2 electric golems
  A bone dragon (Coc:1)
  11 tentacled monstrosities
  2 Ice Fiends (Coc:1)
  Rupert (D:14)
  Jorgrun (Orc:1)
  2 quicksilver dragons
  2 deep elf master archers (Elf:3)
  4 deep elf blademasters (Elf:3)
  4 titans
  5 death cobs
  Gastronok (D:9)
  24 acid blobs
  3 sphinxes
  2 thorn hunters
  7 storm dragons
  Kirke (Swamp:2)
  4 draconian monks
  13 azure jellies
  8 shadow dragons
  5 revenants
  4 deep elf sorcerers
  6 nagarajas (Snake:4)
  5 tengu reavers
  An iron dragon (Depths:4)
  A fire giant (shapeshifter) (Vaults:5)
  4 draconian knights
  4 draconian scorchers
  11 vault wardens
  A daeva (Depths:4)
  12 fire giants
  2 cacodemons (Depths:1)
  An emperor scorpion (D:15)
  A balrug (Hell)
  9 frost giants
  Louise (Elf:2)
  2 deep elf elementalists
  5 ghouls (Crypt:2)
  6 draconian shifters
  An iron dragon (shapeshifter) (Vaults:4)
  2 ghost moths
  2 draconian stormcallers
  5 draconian annihilators
  9 ironheart preservers
  3 war gargoyles
  36 very ugly things
  An entropy weaver (Vaults:4)
  43 stone giants
  6 reapers
  9 black draconians
  5 deep elf annihilators
  7 vampire knights
  Nessos (D:12)
  8 yellow draconians
  5 green draconians
  4 purple draconians (Zot:3)
  8 deep elf demonologists
  8 dire elephants
  7 red draconians
  2 white draconians
  A minotaur (shapeshifter) (Vaults:4)
  4 minotaurs
  6 spark wasps
  3 blizzard demons (Hell)
  12 ettins
  3 eidola
  13 death oozes
  2 crystal guardians (Depths:2)
  A merfolk javelineer (Depths:1)
  7 deep elf death magi
  11 yaktaur captains
  10 fire dragons
  3 deep elf high priests (Elf:3)
  7 jiangshi
  A kraken zombie (Hell)
  7 ice dragons
  14 great orbs of eyes
  Harold (D:7)
  29 vault guards
  13 naga warriors
  3 rakshasas
  19 hydras
  2 ghost crabs
  3 catoblepae
  A shambling mangrove (Swamp:3)
  4 spriggan air magi
  6 centaur warriors
  5 anacondas
  12 ogre magi
  24 dancing weapons
  4 death knights
  3 death yaks
  A spectral stone giant (Vaults:3)
  A spectral fire giant (Vaults:3)
  6 alligators
  56 two-headed ogres
  3 orc high priests
  5 tengu warriors
  9 deep troll shamans
  7 vampire magi
  8 naga sharpshooters
  6 shock serpents
  11 deep troll earth magi
  A spriggan berserker (Depths:5)
  2 shock serpents (shapeshifter)
  A soul eater (Hell)
  4 sun demons
  3 iron golems (Hell)
  31 skeletal warriors
  17 deep elf knights
  14 iron trolls
  A death drake (Swamp:3)
  A death drake (shapeshifter) (Vaults:5)
  9 hell knights
  4 unseen horrors
  A sixfirhy (Depths:1)
  2 shadow wraiths
  2 salamander mystics
  2 fire crabs (shapeshifter)
  A swamp dragon (shapeshifter) (Depths:2)
  6 flayed ghosts
  An obsidian statue (Vaults:3)
  39 deep trolls
  9 glowing orange brains
  An infernal demonspawn (Depths:3)
  A lindwurm (shapeshifter) (Vaults:4)
  5 naga ritualists
  A spriggan druid (Swamp:3)
  14 deep elf archers
  12 ironbrand convokers
  5 wizards
  A golden dragon skeleton (Crypt:2)
  9 swamp dragons
  A lindwurm (Lair:5)
  4 anaconda zombies
  2 spectral hydras (Swamp:3)
  An orange crystal statue (Depths:4)
  An iron dragon zombie (Coc:1)
  14 harpies (Vaults:4)
  6 mana vipers
  9 necromancers
  16 phantasmal warriors
  2 wolf spiders
  15 orc knights
  4 oklob plants (Lair:5)
  A frost giant zombie (Crypt:2)
  56 deep elf magi
  31 ugly things
  A fire giant zombie (Crypt:1)
  A shadow dragon skeleton (Crypt:2)
  5 shining eyes
  A manticore (shapeshifter) (Depths:1)
  6 salamanders
  5 orc sorcerers
  28 cyclopes
  3 manticores
  A spectral ettin (Vaults:3)
  A faun (shapeshifter) (Vaults:4)
  18 black mambas
  An iron dragon skeleton (Crypt:2)
  A centaur zombie (D:10)
  3 guardian serpents
  A frost giant skeleton (Coc:1)
  6 rust devils
  11 moths of wrath
  2 guardian serpents (shapeshifter)
  9 eyes of devastation
  11 elephants
  Maurice (D:9)
  2 water nymphs (shapeshifter)
  27 naga magi
  A smoke demon (Hell)
  2 black mambas (shapeshifter)
  11 vault sentinels
  2 gargoyles
  3 orange demons (Hell)
  20 spiny frogs
  A hellion (Hell)
  2 kobold demonologists
  5 swamp worm zombies (Swamp:3)
  8 rime drakes
  2 yaktaurs (shapeshifter)
  An emperor scorpion zombie (Tar:1)
  A redback zombie (D:14)
  A demonic crawler (Hell)
  18 freezing wraiths
  4 komodo dragons
  4 ice devils (Coc:1)
  A harpy zombie (Coc:1)
  3 hydra zombies
  58 yaktaurs
  An efreet (D:13)
  A pale draconian skeleton (Crypt:1)
  A catoblepas skeleton (Crypt:2)
  A red devil (Hell)
  A tengu simulacrum (Vaults:3)
  11 trolls
  2 hornets (shapeshifter)
  A meliai (shapeshifter) (Depths:2)
  4 meliai
  14 polar bears
  5 alligator zombies
  3 tyrant leeches
  A tarantella zombie (Crypt:1)
  A queen bee (D:12)
  9 blink frogs (Lair:4)
  17 hornets
  4 hydra skeletons
  138 slime creatures
  6 dream sheep (Lair:6)
  16 bog bodies
  An ettin zombie (Coc:1)
  A frost giant simulacrum (Vaults:1)
  4 flying skulls (Coc:1)
  18 hippogriffs
  4 spectral swamp dragons (Swamp:3)
  An ettin skeleton (Crypt:2)
  A snapping turtle (shapeshifter) (Vaults:2)
  9 spriggans
  5 shadows
  2 air elementals
  A satyr skeleton (Crypt:2)
  16 water elementals
  A tarantella (shapeshifter) (Depths:2)
  10 wyverns
  9 wraiths
  12 fire elementals
  34 yaks
  A large abomination (Swamp:3)
  24 golden eyes
  5 basilisks
  2 tyrant leech zombies (Swamp:3)
  3 hogs (Swamp:1)
  2 hungry ghosts
  A yaktaur simulacrum (Vaults:3)
  10 vampire mosquitoes
  A chaos spawn (Depths:3)
  14 insubstantial wisps
  8 wargs
  33 nagas
  A water moccasin (shapeshifter) (Vaults:5)
  A hell hound (Lair:4)
  5 porcupines
  23 water moccasins
  11 swamp worms
  4 acid dragons
  2 hydra simulacra (Hell)
  9 spiny frog zombies
  2 spiny frog skeletons
  61 orc warriors
  6 ice beasts
  12 swamp drakes
  A black bear (shapeshifter) (Vaults:4)
  A manticore zombie (Coc:1)
  3 sky beasts
  A snapping turtle zombie (Crypt:1)
  11 black bears
  5 necrophages
  47 ogres
  A swamp dragon zombie (Crypt:2)
  An elf simulacrum (Vaults:3)
  11 eyes of draining
  4 phantoms
  3 boggarts (Vaults:1)
  18 wolves
  17 centaurs
  11 crocodiles
  3 big kobolds
  A wyvern zombie (D:6)
  A water moccasin zombie (Crypt:2)
  11 bullfrogs
  2 glowing shapeshifter simulacra
  An ogre simulacrum (Vaults:1)
  2 wyvern skeletons
  A yaktaur skeleton (Crypt:3)
  A spiny frog simulacrum (Coc:1)
  2 earth elementals (Elf:3)
  4 scorpions
  A troll zombie (Swamp:3)
  A spriggan zombie (Swamp:3)
  26 killer bees
  25 wights
  4 howler monkeys
  A wolf zombie (Crypt:2)
  2 electric eels (Lair:5)
  A raiju skeleton (Crypt:2)
  4 crimson imps
  4 centaur skeletons
  2 quasits
  2 bullfrog zombies
  4 jellies
  30 orc priests
  11 hounds
  6 human zombies (Crypt:2)
  A basilisk skeleton (Crypt:1)
  22 orc wizards
  5 bullfrog skeletons
  A human skeleton (Crypt:2)
  Natasha (thrice) (D:2)
  4 iguanas
  9 worker ants
  2 acid dragon zombies
  A demigod skeleton (Crypt:3)
  A naga skeleton (Crypt:1)
  A hound zombie (D:5)
  Robin (D:2)
  A hound skeleton (D:7)
  2 mummies (Crypt:2)
  A howler monkey zombie (D:7)
  A worker ant zombie (D:7)
  19 adders
  A gnoll (Orc:1)
  A river rat (Sewer)
  8 shadow imps
  A white imp (Vaults:1)
  13 oozes
  2 adder zombies
  A halfling zombie (Crypt:2)
  2 adder skeletons
  5 worms
  5 dart slugs
  6 leopard geckos
  135 orcs
  A ball python (D:3)
  10 bats
  8 giant cockroaches
  13 goblins
  11 hobgoblins
  13 jackals
  8 quokkas
  7 frilled lizards
  A jackal zombie (D:6)
  16 kobolds
  An orc zombie (Crypt:2)
  A quokka skeleton (D:4)
  13 rats
  A rat zombie (Crypt:3)
  A butterfly (Lair:5)
  A fungus (Lair:6)
  5 plants
  2 tentacles (Hell)
2648 creatures vanquished.

Vanquished Creatures (collateral kills)
  A juggernaut (Depths:5)
  Sojobo (Depths:2)
  Vashnia (Snake:4)
  Saint Roka (Vaults:2)
  A caustic shrike (Depths:4)
  Jory (Vaults:3)
  A tentacled monstrosity (Depths:4)
  2 acid blobs
  The ghost of loralnil the Warrior, an adept FoFi of the Shining One (Snake:1)
  A sphinx (Depths:2)
  A tengu reaver (Vaults:5)
  Roxanne (Swamp:2)
  A death cob (Zot:1)
  A draconian monk (Zot:3)
  2 azure jellies
  2 nagarajas (Snake:2)
  2 deep elf sorcerers
  A draconian knight (Zot:3)
  A fire giant (Depths:3)
  2 orc warlords
  2 vault wardens
  2 draconian scorchers
  A deep elf elementalist (Elf:3)
  2 ironheart preservers
  A draconian annihilator (Zot:3)
  4 very ugly things
  3 stone giants
  A green draconian (Zot:1)
  A purple draconian (Zot:1)
  A vampire knight (Depths:2)
  2 deep elf demonologists (Elf:3)
  A yellow draconian (Zot:4)
  An orange crystal statue (WizLab)
  Snorg (D:9)
  An ettin (Vaults:5)
  A deep elf death mage (Vaults:4)
  3 crystal guardians (Depths:2)
  A blizzard demon (Depths:3)
  4 yaktaur captains
  A rakshasa (Vaults:1)
  3 hydras (Swamp:4)
  3 naga warriors
  4 vault guards
  A shambling mangrove (Swamp:4)
  2 death knights
  A two-headed ogre (Depths:5)
  6 dancing weapons (Elf:2)
  An ogre mage (Depths:3)
  A centaur warrior (Vaults:1)
  A spectral frost giant (Vaults:3)
  4 orc high priests (Orc:2)
  A shock serpent (Snake:2)
  4 naga sharpshooters
  4 deep elf knights
  2 sun demons (Hell)
  A skeletal warrior (Vaults:4)
  A fire crab (shapeshifter) (Vaults:3)
  A torturous demonspawn (Depths:3)
  2 deep trolls
  A deep elf archer (Elf:1)
  2 orc knights
  A phantasmal warrior (Depths:2)
  3 orc sorcerers (Orc:2)
  A mana viper (Snake:2)
  2 ugly things
  4 deep elf magi
  2 moths of wrath (Zot:1)
  3 salamanders
  2 cyclopes (Coc:1)
  A centaur zombie (D:14)
  5 naga magi
  A black mamba (Snake:2)
  2 guardian serpents
  A water nymph (shapeshifter) (Vaults:1)
  2 centaur skeletons
  A spiny frog (Lair:2)
  2 yaktaurs (Depths:1)
  3 trolls
  A hellwing (Depths:3)
  2 polar bears
  2 slime creatures
  2 bog bodies
  A blink frog (Lair:4)
  A hippogriff (Lair:4)
  3 hornets (Swamp:4)
  A dream sheep (Lair:6)
  An air elemental (Elf:1)
  2 yaks
  A wraith (Vaults:4)
  2 shadows
  2 water elementals
  2 basilisks (Lair:4)
  A wyvern (Lair:4)
  3 vampire mosquitoes
  A hog (Swamp:2)
  A hungry ghost (D:10)
  2 golden eyes
  5 nagas
  A swamp drake (Swamp:1)
  10 orc warriors
  A necrophage (Crypt:2)
  4 ogres
  A boggart (Vaults:1)
  2 black bears (Coc:1)
  A wolf (Lair:1)
  A killer bee (D:12)
  A bullfrog zombie (D:12)
  9 orc priests (Orc:2)
  3 orc wizards
  2 gnolls (Orc:1)
  17 orcs
  A kobold (D:10)
  A butterfly (Lair:5)
232 creatures vanquished.

Vanquished Creatures (others)
  A tengu reaver (Depths:3)
  A draconian scorcher (Zot:3)
  A very ugly thing (Vaults:3)
  An ice dragon (Coc:1)
  A spriggan druid (Swamp:4)
  A necromancer (Swamp:3)
  A black mamba (Snake:2)
  A bog body (Swamp:3)
  An alligator zombie (Coc:1)
  2 quokkas (D:5)
  15 fungi
  55 plants
  12 tentacles
  11 toadstools (Lair:5)
  5 withered plants
109 creatures vanquished.

Grand Total: 2989 creatures vanquished

Notes
Turn   | Place    | Note
-------+----------+-------------------------------------------
     0 | D:1      | ANON1729 the Demonspawn Monk began the quest for the Orb.
     0 | D:1      | Reached XP level 1. HP: 18/18 MP: 1/1
    44 | D:1      | You fall through a shaft!
    70 | D:2      | Gained mutation: When seriously injured, your bleeding
                  | wounds create armour. (AC +12) [demonic ancestry]
    70 | D:2      | Reached XP level 2. HP: 21/24 MP: 2/2
   377 | D:2      | Reached XP level 3. HP: 16/29 MP: 3/3
   651 | D:2      | Noticed Natasha
   657 | D:2      | Killed Natasha
   717 | D:2      | Reached XP level 4. HP: 30/35 MP: 4/4
  1993 | D:1      | Gained mutation: When hurt, damage is shared between your
                  | health and your magic reserves. [demonic ancestry]
  1993 | D:1      | Reached XP level 5. HP: 42/42 MP: 5/5
  2407 | D:3      | Noticed Robin
  2771 | D:2      | Killed Robin
  2771 | D:2      | Reached skill level 4 in Fighting
  2842 | D:2      | Noticed Natasha
  2868 | D:2      | Killed Natasha
  3356 | D:3      | Reached XP level 6. HP: 31/48 MP: 3/6
  3781 | D:2      | Noticed Natasha
  3804 | D:2      | Killed Natasha
  4749 | D:4      | Gained mutation: You have a pair of small antennae on your
                  | head. [demonic ancestry]
  4749 | D:4      | Reached XP level 7. HP: 44/55 MP: 5/7
  5600 | D:4      | Reached skill level 5 in Fighting
  6261 | D:5      | Entered Level 5 of the Dungeon
  6457 | D:4      | Reached skill level 5 in Polearms
  6457 | D:4      | Reached skill level 5 in Dodging
  6787 | D:5      | Gained mutation: When seriously injured, your bleeding
                  | wounds create thick armour. (AC +12) [demonic ancestry]
  6787 | D:5      | Reached XP level 8. HP: 58/63 MP: 8/8
  6884 | D:4      | Reached skill level 5 in Stealth
  7030 | D:5      | Found a shimmering altar of Xom.
  7349 | D:5      | Reached skill level 6 in Fighting
  8140 | D:6      | Noticed Duvessa
  8141 | D:6      | Found a runed translucent gate.
  8142 | D:6      | Found a runed translucent gate.
  8143 | D:6      | Found a runed translucent gate.
  8327 | D:6      | Found a shadowy altar of Dithmenos.
  8336 | D:6      | Noticed Dowan
  8418 | D:6      | Found a glowing drain.
  8447 | Sewer    | Entered a sewer
  8709 | Sewer    | Reached XP level 9. HP: 71/71 MP: 9/9
  8793 | Sewer    | Found a glowing silver altar of Zin.
  9711 | D:6      | Noticed ikjuyhgtrf's ghost (novice GrEE)
  9830 | D:7      | Reached skill level 7 in Fighting
 10219 | D:7      | Noticed Harold
 10230 | D:7      | Paralysed by Harold for 6 turns
 10403 | D:7      | Paralysed by Harold for 4 turns
 10432 | D:7      | Killed Harold
 10432 | D:7      | Reached skill level 8 in Fighting
 11007 | D:7      | Found a staircase to the Ecumenical Temple.
 11032 | Temple   | Entered the Ecumenical Temple
 11462 | D:7      | Found a glowing golden altar of the Shining One.
 11570 | D:7      | Reached skill level 1 in Staves
 12299 | D:8      | Noticed a komodo dragon
 12792 | D:8      | Gained mutation: A weak demonic guardian rushes to your
                  | aid. [demonic ancestry]
 12792 | D:8      | Reached XP level 10. HP: 48/81 MP: 6/10
 12980 | Temple   | Became a worshipper of Trog the Wrathful
 12980 | Temple   | Reached * piety under Trog
 12980 | Temple   | Reached ** piety under Trog
 13666 | D:9      | Noticed Gastronok
 13736 | D:9      | Found a staircase to the Orcish Mines.
 13736 | D:9      | Found Ziom's Armour Shoppe.
 13736 | D:9      | Found Ryrybi's Weapon Shoppe.
 13862 | D:9      | HP: 6/121 [killer bee (6)]
 13863 | D:9      | Reached skill level 9 in Fighting
 13863 | D:9      | Reached skill level 1 in Evocations
 13867 | D:9      | HP: 5/123 [poisoned by a killer bee]
 13872 | D:9      | HP: 2/82 [poisoned by a killer bee]
 13879 | D:9      | HP: 2/82 [poisoned by a killer bee]
 13884 | D:9      | HP: 1/82 [poisoned by a killer bee]
 14670 | D:9      | Reached *** piety under Trog
 15258 | D:9      | Noticed Maurice
 15510 | D:9      | Killed Maurice
 15804 | D:10     | Entered Level 10 of the Dungeon
 15977 | D:10     | Noticed a two-headed ogre
 16315 | D:10     | Killed a two-headed ogre
 16517 | D:10     | Gained mutation: You have a pair of antennae on your head.
                  | [demonic ancestry]
 16517 | D:10     | Reached XP level 11. HP: 52/89 MP: 11/13
 16539 | D:10     | Reached **** piety under Trog
 16645 | D:10     | Reached skill level 10 in Fighting
 17145 | D:10     | Reached skill level 5 in Staves
 17249 | D:11     | HP: 4/89 [troll (3)]
 18465 | D:11     | Noticed a red ugly thing
 18703 | D:12     | Noticed Nessos
 19296 | D:11     | Killed a red ugly thing
 19789 | D:12     | Killed Nessos
 21228 | D:12     | Reached skill level 11 in Fighting
 21329 | D:13     | Noticed a two-headed ogre
 21341 | D:12     | Killed a two-headed ogre
 21348 | D:13     | Reached ***** piety under Trog
 21451 | D:13     | Found a gate leading to a gauntlet.
 21461 | D:13     | Noticed a soul eater
 21465 | Gauntlet | Entered a Gauntlet
 21465 | Gauntlet | Found a transporter.
 21465 | Gauntlet | Found a transporter.
 21465 | Gauntlet | Found a transporter.
 21465 | Gauntlet | Noticed a glowing orange brain
 21466 | Gauntlet | Found a transporter.
 21470 | Gauntlet | Found a transporter.
 21478 | Gauntlet | Noticed a queen ant
 21479 | Gauntlet | Found a transporter.
 21493 | Gauntlet | Found a transporter.
 21501 | Gauntlet | Found a transporter.
 21518 | Gauntlet | Found a transporter.
 21526 | Gauntlet | Found a transporter.
 21545 | Gauntlet | Found a transporter.
 21581 | Gauntlet | Noticed a cyan ugly thing
 21584 | Gauntlet | Noticed a brown ugly thing
 21595 | Gauntlet | Found a transporter.
 21680 | Gauntlet | Reached XP level 12. HP: 100/100 MP: 15/15
 21769 | Gauntlet | Got a slimy amethyst amulet
 21846 | Gauntlet | Reached XP level 13. HP: 106/106 MP: 11/16
 21980 | Gauntlet | Got an ichor-stained cloak
 21985 | Gauntlet | Reached skill level 5 in Evocations
 22236 | Gauntlet | Identified the +2 cloak of the Skies Above {rC+ Regen+}
                  | (You found it in a Gauntlet)
 22318 | Gauntlet | Noticed a minotaur
 22341 | Gauntlet | Killed a minotaur
 22416 | Gauntlet | Identified the Handbook of Beguiling
 22418 | Gauntlet | Got a brightly glowing dagger
 22421 | Gauntlet | Identified the +3 dagger of the King {pierce, rPois Str+4
                  | Stlth+} (You found it in a Gauntlet)
 23164 | D:13     | Found a gate to the Vaults.
 23184 | D:13     | Identified the amulet "Rorig" {RegenMP +Inv rF- Int+2} (You
                  | found it in a Gauntlet)
 23944 | D:14     | Received a gift from Trog
 24138 | D:14     | Found a glowing golden altar of the Shining One.
 24520 | D:14     | Reached skill level 12 in Fighting
 24617 | D:14     | Noticed Rupert
 24640 | D:14     | Killed Rupert
 24868 | Orc:1    | Entered Level 1 of the Orcish Mines
 24876 | Orc:1    | Paralysed by an orc sorcerer for 5 turns
 25141 | Orc:1    | Noticed Snorg
 25141 | Orc:1    | Noticed an orc warlord
 25446 | D:9      | Killed Snorg
 25446 | D:9      | Received a gift from Trog
 25586 | D:8      | Found a staircase to the Lair.
 25733 | Lair:1   | Entered Level 1 of the Lair of Beasts
 26018 | Lair:1   | Reached skill level 10 in Stealth
 26172 | Lair:1   | Gained mutation: You regenerate magic rapidly. [demonic
                  | ancestry]
 26172 | Lair:1   | Reached XP level 14. HP: 116/116 MP: 16/19
 26761 | Lair:2   | Found a staircase to the Swamp.
 27269 | Lair:2   | Received a gift from Trog
 27488 | Lair:3   | You fall through a shaft for 3 floors!
 27488 | Lair:6   | Entered Level 6 of the Lair of Beasts
 27494 | Lair:6   | Found a staircase to the Slime Pits.
 27644 | Lair:6   | Reached skill level 13 in Fighting
 28357 | Lair:5   | Found a runed translucent door.
 29755 | Lair:4   | Reached skill level 10 in Staves
 30795 | Lair:3   | Received a gift from Trog
 30840 | Lair:3   | Found a staircase to the Snake Pit.
 32883 | Lair:6   | Received a gift from Trog
 33196 | Lair:6   | Gained mutation: When seriously injured, your bleeding
                  | wounds create very thick armour. (AC +12) [demonic
                  | ancestry]
 33196 | Lair:6   | Reached XP level 15. HP: 123/125 MP: 7/21
 33593 | Lair:6   | Reached skill level 14 in Fighting
 34104 | D:9      | Killed an orc warlord
 34355 | D:9      | Killed Gastronok
 34580 | D:9      | Paralysed by an orc sorcerer for 7 turns
 34748 | Orc:1    | Noticed Jorgrun
 34760 | Orc:1    | Killed Jorgrun
 34873 | Orc:1    | You fall through a shaft!
 34873 | Orc:2    | Entered Level 2 of the Orcish Mines
 35615 | Orc:2    | Found a roughly hewn altar of Beogh.
 35627 | Orc:2    | Received a gift from Trog
 36040 | Orc:2    | Found Zavif's Book Shoppe.
 36071 | Orc:2    | Found Nisch's Jewellery Emporium.
 36736 | Orc:2    | Reached skill level 1 in Armour
 36949 | Orc:2    | Found a staircase to the Elven Halls.
 37141 | Orc:2    | Noticed an orc warlord
 37153 | Orc:2    | Killed an orc warlord
 37213 | Orc:2    | Found a roughly hewn altar of Beogh.
 37396 | Orc:2    | Found Cironetz's Book Shoppe.
 37424 | Orc:2    | Found Vusaav's Food Emporium.
 37435 | Orc:2    | Received a gift from Trog
 39243 | Swamp:1  | Entered Level 1 of the Swamp
 40634 | Swamp:1  | Noticed a thorn hunter
 40648 | Swamp:1  | Killed a thorn hunter
 40648 | Swamp:1  | Reached skill level 15 in Fighting
 40648 | Swamp:1  | Gained mutation: You have a pair of large antennae on your
                  | head. (SInv) [demonic ancestry]
 40648 | Swamp:1  | Reached XP level 16. HP: 136/136 MP: 16/23
 41679 | Swamp:2  | Noticed a thorn hunter
 41819 | Swamp:2  | Killed a thorn hunter
 41985 | Swamp:2  | Noticed Kirke
 41999 | Swamp:2  | Killed Kirke
 42026 | Swamp:2  | Identified Roxanne's Catalogue of Transformation
 42026 | Swamp:2  | Noticed Roxanne
 42063 | Swamp:2  | Killed Roxanne
 43213 | Swamp:3  | Received a gift from Trog
 44373 | Swamp:3  | Received a gift from Trog
 44799 | Swamp:3  | Noticed Bai Suzhen
 45535 | Swamp:3  | Killed Bai Suzhen
 45535 | Swamp:3  | Reached skill level 10 in Evocations
 45669 | Swamp:3  | Got a faintly glowing hunting sling
 45678 | Swamp:3  | Identified the cursed +1 hunting sling "Demonbane" {flame,
                  | rPois Str+6 Stlth+} (You found it on level 3 of the Swamp)
 45761 | Swamp:4  | Entered Level 4 of the Swamp
 46301 | Elf:1    | Entered Level 1 of the Elven Halls
 46571 | Elf:1    | Found Doisunip's Magic Scroll Shop.
 46965 | Elf:1    | Received a gift from Trog
 47237 | Elf:1    | Got an encrusted rapier
 47238 | Elf:1    | Identified the +5 rapier "Joamairy" {flame, +Fly rF+} (You
                  | found it on level 1 of the Elven Halls)
 47364 | Elf:1    | Reached skill level 5 in Armour
 47617 | Elf:1    | Found a runed translucent door.
 47618 | Elf:1    | Noticed Yrikki's ghost (adept HOFi)
 47957 | Elf:1    | Killed Yrikki's ghost
 47957 | Elf:1    | Reached skill level 16 in Fighting
 47957 | Elf:1    | Reached XP level 17. HP: 142/142 MP: 22/24
 47961 | Elf:1    | Got a scorched leather armour
 47977 | Elf:1    | Identified the +3 leather armour "Totelyff" {rPois} (You
                  | found it on level 1 of the Elven Halls)
 48064 | Elf:2    | Received a gift from Trog
 48256 | Elf:2    | Found Yzot's Antique Armour Boutique.
 48263 | Elf:2    | Bought a pair of embroidered boots for 210 gold pieces
 48263 | Elf:2    | Bought a wizard robe for 159 gold pieces
 48278 | Elf:2    | Identified the +1 robe of the Arcane {rF+ rC+ Dex+2} (You
                  | bought it in a shop on level 2 of the Elven Halls)
 48537 | Elf:2    | Found a huge runed translucent gate.
 48537 | Elf:2    | Found a huge runed translucent gate.
 48537 | Elf:2    | Found a huge runed translucent gate.
 48540 | Elf:2    | Found a huge runed translucent gate.
 48583 | Elf:2    | Found a huge runed translucent gate.
 48804 | Elf:2    | Noticed Louise
 48843 | Elf:2    | Killed Louise
 49970 | Snake:1  | Entered Level 1 of the Snake Pit
 50037 | Snake:1  | Found a runed translucent door.
 50037 | Snake:1  | Found a shimmering altar of Xom.
 50037 | Snake:1  | Noticed loralnil's ghost (adept FoFi)
 50047 | Snake:1  | Identified the +10 scythe "Gutason" {chaos, Int+5}
 50822 | Snake:1  | Found Wuoreufe's Jewellery Emporium.
 51380 | Snake:2  | Found Isomed's Armour Shop.
 51777 | Snake:2  | Found Wibook's Armour Boutique.
 51820 | Snake:2  | Bought the +2 cloak "Epriroat" {Str+7 Slay+2} for 758 gold
                  | pieces
 51972 | Snake:2  | Found Zebaapn's Food Emporium.
 51972 | Snake:2  | Found Rurinkur's Armour Boutique.
 52019 | Snake:2  | Reached skill level 1 in Short Blades
 52451 | Snake:3  | Received a gift from Trog
 54539 | Snake:3  | Reached XP level 18. HP: 132/151 MP: 23/26
 54700 | Snake:4  | Entered Level 4 of the Snake Pit
 54728 | Snake:4  | Found a transporter.
 54731 | Snake:4  | Noticed Amplified's ghost (adept MiBe)
 54757 | Snake:4  | Found a transporter.
 55198 | Snake:4  | Noticed Vashnia
 55438 | Snake:4  | Found Ypul's Antique Armour Shoppe.
 55445 | Snake:4  | Bought an ichor-stained leather armour for 203 gold pieces
 55445 | Snake:4  | Bought a tattered robe for 165 gold pieces
 55484 | Snake:3  | Identified the +1 leather armour of Light {Str+4} (You
                  | bought it in a shop on level 4 of the Snake Pit)
 55495 | Snake:3  | Identified the +2 robe of Integrity {rF+ rC+ rCorr Int-3}
                  | (You bought it in a shop on level 4 of the Snake Pit)
 55525 | Snake:4  | Found Ydots's Distillery.
 55529 | Snake:4  | Found Romaceb's Weapon Shoppe.
 55700 | Snake:4  | Bought a potion of curing for 36 gold pieces
 55702 | Snake:4  | Bought a potion of mutation for 96 gold pieces
 55702 | Snake:4  | Bought a potion of heal wounds for 60 gold pieces
 55702 | Snake:4  | Bought a potion of mutation for 96 gold pieces
 55780 | Snake:4  | Received a gift from Trog
 57196 | Snake:4  | Killed Vashnia
 57202 | Snake:4  | Reached skill level 17 in Fighting
 58567 | Snake:4  | Got a serpentine rune of Zot
 59441 | Swamp:4  | Received a gift from Trog
 60244 | Swamp:4  | Noticed the 27-headed Lernaean hydra
 60286 | Swamp:4  | Got a decaying rune of Zot
 60734 | Vaults:1 | Entered Level 1 of the Vaults
 60923 | Vaults:1 | Noticed an Ice Fiend
 61577 | Vaults:1 | Received a gift from Trog
 61583 | Vaults:1 | Reached XP level 19. HP: 105/159 MP: 27/27
 63193 | Vaults:1 | Reached skill level 15 in Staves
 63218 | Vaults:1 | Received a gift from Trog
 63495 | Vaults:1 | Reached skill level 15 in Dodging
 65054 | Vaults:2 | Noticed Saint Roka
 65272 | Vaults:2 | Reached skill level 18 in Fighting
 65455 | Vaults:2 | Received a gift from Trog
 65879 | Vaults:2 | Killed Saint Roka
 66730 | Vaults:2 | Got a scorched leather armour
 66731 | Vaults:2 | Identified the +2 leather armour of Failure {Dex+3} (You
                  | found it on level 2 of the Vaults)
 68497 | Vaults:3 | Noticed Jory
 68526 | Vaults:3 | Killed Jory
 69485 | Vaults:3 | Gained mutation: Your magical and physical power is
                  | slightly enhanced at high health. [demonic ancestry]
 69485 | Vaults:3 | Reached XP level 20. HP: 111/166 MP: 26/29
 70476 | Vaults:3 | Found a runed translucent gate.
 70476 | Vaults:3 | Found a runed translucent gate.
 70477 | Vaults:3 | Found a runed translucent gate.
 70505 | Vaults:3 | Found a staircase to the Crypt.
 70609 | Vaults:3 | Noticed nano's ghost (adept DDBe)
 71223 | Vaults:3 | Killed nano's ghost
 71627 | Vaults:4 | Received a gift from Trog
 71733 | Vaults:4 | Found a magical portal.
 71813 | Vaults:4 | Gained mutation: You are occasionally teleported next to
                  | monsters. [mutagenic glow]
 71915 | Vaults:4 | Lost mutation: You are occasionally teleported next to
                  | monsters. [potion of mutation]
 71915 | Vaults:4 | Gained mutation: You are resistant to hostile enchantments.
                  | (MR+) [potion of mutation]
 71915 | Vaults:4 | Gained mutation: You are clumsy. (Dex -2) [potion of
                  | mutation]
 71915 | Vaults:4 | Gained mutation: Your system is resistant to poisons.
                  | (rPois) [potion of mutation]
 71926 | WizLab   | Entered Wucad Mu's Monastery
 72103 | WizLab   | Found the +9 staff of Wucad Mu {channel}
 72146 | WizLab   | Gained mutation: Your magical and physical power is
                  | enhanced at high health. [demonic ancestry]
 72146 | WizLab   | Reached XP level 21. HP: 94/178 MP: 14/30
 74398 | Vaults:4 | Received a gift from Trog
 74617 | Vaults:4 | Reached skill level 19 in Fighting
 75017 | Vaults:4 | Got a creamy pearl robe
 75028 | Vaults:4 | Identified the cursed +1 robe of Plasticity {-Tele rElec
                  | rPois Slay+5} (You found it on level 4 of the Vaults)
 75521 | Slime:1  | Entered Level 1 of the Pits of Slime
 76004 | Slime:1  | Gained mutation: Your spells are a little easier to cast,
                  | but a little less powerful. [a shining eye]
 77037 | Slime:5  | Entered Level 5 of the Pits of Slime
 77240 | Slime:5  | Gained mutation: When low on magic, you restore magic in
                  | place of health. [demonic ancestry]
 77240 | Slime:5  | Reached XP level 22. HP: 147/188 MP: 23/31
 77408 | Slime:5  | Found a viscous altar of Jiyva.
 77408 | Slime:5  | Noticed the Royal Jelly
 77489 | Slime:4  | Gained mutation: You are very clumsy. (Dex -4) [a shining
                  | eye]
 77506 | Slime:5  | Gained mutation: You are frail. (-10% HP) [a shining eye]
 78411 | Elf:3    | Entered Level 3 of the Elven Halls
 79419 | Elf:3    | Received a gift from Trog
 80074 | Elf:3    | Identified the cursed +2 war axe of Elithru {antimagic,
                  | rPois Str-5 Dex+6}
 80074 | Elf:3    | Identified the cursed ring of the Oligarchy {*Corrode rN++
                  | Dex-2}
 80441 | Elf:3    | Identified the +8 quarterstaff "Kosuthran" {venom, *Corrode
                  | +Rage Dex+7 Stlth+}
 80633 | Elf:3    | Identified the +4 ring mail of the Trombone {Str+3 Int+2}
 81550 | Elf:3    | Identified the +6 large shield "Wocugaha" {rF+ rC+++ Str+3
                  | Dex-5}
 81612 | Elf:3    | Identified Wuvyfig's Catalogue of Calculation
 81617 | Elf:3    | Got a blackened halberd
 81625 | Elf:3    | Identified the Handbook of Ensnaring Conjuration
 81649 | Elf:3    | Got a pair of translucent gloves
 81674 | Elf:3    | Identified the +4 halberd "Afroarah" {chop, rC++ rN+ SInv
                  | Stlth-} (You found it on level 3 of the Elven Halls)
 81691 | Elf:3    | Identified the +0 pair of gloves of the Empire {rPois rC-
                  | MR++} (You found it on level 3 of the Elven Halls)
 81695 | Elf:3    | Got a bloodstained trident
 81696 | Elf:3    | Identified the +2 trident "Qut Loy" {venom, rElec Int+4}
                  | (You found it on level 3 of the Elven Halls)
 81738 | Elf:3    | Lost mutation: You are frail. (-10% HP) [potion of
                  | mutation]
 81738 | Elf:3    | Lost mutation: Your system is resistant to poisons. (rPois)
                  | [potion of mutation]
 81738 | Elf:3    | Gained mutation: Your spells are easier to cast, but less
                  | powerful. [potion of mutation]
 81738 | Elf:3    | Gained mutation: You expend magic power (3 MP) to
                  | strengthen your wands. [potion of mutation]
 81739 | Elf:3    | Lost mutation: You are very clumsy. (Dex -4) [potion of
                  | mutation]
 81739 | Elf:3    | Lost mutation: You expend magic power (3 MP) to strengthen
                  | your wands. [potion of mutation]
 81739 | Elf:3    | Lost mutation: Your spells are easier to cast, but less
                  | powerful. [potion of mutation]
 81739 | Elf:3    | Gained mutation: You possess an exceptional clarity of
                  | mind. [potion of mutation]
 81739 | Elf:3    | Gained mutation: Your system is resistant to poisons.
                  | (rPois) [potion of mutation]
 82225 | Snake:1  | Killed loralnil's ghost
 82235 | Snake:1  | Got a fine glass ring
 82244 | Snake:1  | Identified the ring of Buenavu {+Inv +Fly Int+3} (You found
                  | it on level 1 of the Snake Pit)
 82252 | Snake:1  | Got a polished scale mail
 82263 | Snake:1  | Identified the +4 scale mail of Peek-a-Boo {rElec} (You
                  | found it on level 1 of the Snake Pit)
 82527 | D:15     | Entered Level 15 of the Dungeon
 82946 | D:15     | Received a gift from Trog
 82951 | D:15     | Found a staircase to the Depths.
 83146 | D:15     | Found a basalt altar of Yredelemnul.
 83290 | Depths:1 | Entered Level 1 of the Depths
 83741 | Depths:1 | Found a gateway to Hell.
 83832 | Depths:1 | Received a gift from Trog
 83859 | Depths:1 | Reached skill level 20 in Fighting
 84172 | Depths:1 | Found a one-way gate to the infinite horrors of the Abyss.
 85015 | Depths:1 | Reached XP level 23. HP: 133/196 MP: 33/33
 86162 | Depths:2 | Noticed a juggernaut
 86204 | Depths:2 | Paralysed by a vampire knight for 7 turns
 86219 | Depths:2 | Received a gift from Trog
 86775 | Depths:2 | Found Toecutar's Distillery.
 88805 | Depths:2 | Killed a juggernaut
 88826 | Depths:2 | Identified the ring of Peniakha {rPois Int+2 Dex+4} (You
                  | found it on level 2 of the Depths)
 89072 | Depths:1 | Identified the +3 quarterstaff "Haker" {freeze, *Slow rC+
                  | rN+ MR+++} (You found it on level 1 of the Depths)
 89260 | Depths:2 | Reached ****** piety under Trog
 89975 | Depths:3 | Noticed Sojobo
 90371 | Depths:2 | Killed Sojobo
 90683 | Depths:3 | Received a gift from Trog
 90876 | Depths:3 | Found a one-way gate leading to the halls of Pandemonium.
 91473 | Depths:3 | Received a gift from Trog
 91583 | Depths:3 | Noticed Nikola
 92385 | Depths:3 | Killed Nikola
 92707 | Depths:3 | Found Hofohuek's Jewellery Shoppe.
 92708 | Depths:3 | Found Faebiqel's Gadget Shop.
 92709 | Depths:3 | Found Watheag's Jewellery Shoppe.
 92725 | Depths:3 | Bought the ring of Gokha {Wiz rF+ Stlth+} for 561 gold
                  | pieces
 92884 | Depths:3 | Found a hide-covered altar of Uskayaw.
 93268 | Depths:2 | Gained mutation: Your magical and physical power is greatly
                  | enhanced at high health. [demonic ancestry]
 93268 | Depths:2 | Reached XP level 24. HP: 139/206 MP: 9/33
 94480 | Depths:3 | Reached skill level 15 in Stealth
 94915 | Depths:3 | Reached skill level 21 in Fighting
 95817 | Depths:4 | Received a gift from Trog
 96752 | Depths:4 | Found a gateway to a ziggurat.
 99109 | Depths:4 | You fall through a shaft!
 99109 | Depths:5 | Entered Level 5 of the Depths
 99637 | Depths:4 | Found a runed translucent door.
 99643 | Depths:4 | Found a runed translucent door.
 99729 | Depths:4 | Identified the +5 morningstar "Beetlebane" {protect, +Fly}
100437 | Vaults:5 | Entered Level 5 of the Vaults
100437 | Vaults:5 | Noticed an ancient lich
100839 | Vaults:4 | Killed an ancient lich
100866 | Vaults:4 | Reached skill level 15 in Evocations
102238 | Hell     | Entered the Vestibule of Hell
102238 | Hell     | Noticed Geryon
102294 | Hell     | Killed Geryon
102811 | Hell     | Found a gateway to the Iron City of Dis.
103586 | Hell     | Gained mutation: Potions are less effective at restoring
                  | your health. [a cacodemon]
103820 | Depths:1 | Lost mutation: You are clumsy. (Dex -2) [a cacodemon]
104530 | Hell     | Gained mutation: A demonic guardian rushes to your aid.
                  | [demonic ancestry]
104530 | Hell     | Reached XP level 25. HP: 190/216 MP: 32/34
104592 | Hell     | Found a gateway to the decaying netherworld of Tartarus.
104753 | Hell     | Found a gateway to the ashen valley of Gehenna.
104837 | Hell     | Found a gateway to the freezing wastes of Cocytus.
104846 | Hell     | Received a gift from Trog
105364 | Depths:4 | Identified the +7 dagger of an ice cave {chaos, rC+ rN+
                  | Int+7 Dex-4}
106965 | Orc:2    | Bought a ration for 50 gold pieces
106965 | Orc:2    | Bought a ration for 50 gold pieces
106965 | Orc:2    | Bought a ration for 50 gold pieces
106965 | Orc:2    | Bought a ration for 50 gold pieces
106965 | Orc:2    | Bought a ration for 50 gold pieces
106965 | Orc:2    | Bought a ration for 50 gold pieces
106965 | Orc:2    | Bought a ration for 50 gold pieces
106965 | Orc:2    | Bought a ration for 50 gold pieces
106965 | Orc:2    | Bought a ration for 50 gold pieces
106965 | Orc:2    | Bought a ration for 50 gold pieces
106965 | Orc:2    | Bought a ration for 50 gold pieces
106965 | Orc:2    | Bought a ration for 50 gold pieces
106965 | Orc:2    | Bought a ration for 50 gold pieces
106965 | Orc:2    | Bought a ration for 50 gold pieces
109568 | Vaults:5 | Reached skill level 22 in Fighting
110130 | Vaults:5 | Identified the +9 halberd "Zerivvar" {drain, MR+ Dex+7}
110709 | Vaults:4 | Received a gift from Trog
111649 | Vaults:5 | Noticed Margery
112127 | Vaults:4 | Received a gift from Trog
112295 | Vaults:4 | Identified the +7 longbow of Plague {flame, rPois Stlth+}
                  | (Trog gifted it to you on level 4 of the Vaults)
112889 | Vaults:4 | Killed Margery
113717 | Vaults:5 | Found the ring of Robustness {AC+8}
113768 | Vaults:5 | Got a silver rune of Zot
113781 | Vaults:5 | Identified the +10 scythe "Roripyb" {flame, -Tele +Rage
                  | Str+4 Dex-3} (You found it on level 5 of the Vaults)
113783 | Vaults:5 | Upgraded the game from 0.23.2-33-g5129a83184 to
                  | 0.23.2-40-g277498a001
113934 | Vaults:5 | Identified a scroll of acquirement
113968 | Vaults:5 | Got a twisted great mace
113969 | Vaults:5 | Identified the +6 great mace "Goblinslayer" {antimagic,
                  | +Inv rN+} (You found it on level 5 of the Vaults)
114122 | Vaults:5 | Identified the cursed +0 plate armour "Anameh" {+Blink}
114602 | Vaults:5 | Noticed Mara
114612 | Vaults:5 | Noticed ANON1729's illusion
114616 | Vaults:5 | Killed Mara
114787 | Vaults:5 | Gained mutation: A powerful demonic guardian rushes to your
                  | aid. [demonic ancestry]
114787 | Vaults:5 | Reached XP level 26. HP: 186/226 MP: 31/34
115123 | Vaults:5 | Got a bloodstained quarterstaff
115124 | Vaults:5 | Identified the +6 quarterstaff "Cehuorutu" {flame, *Corrode
                  | rN++} (You acquired it on level 5 of the Vaults)
115702 | Temple   | Fell from the grace of Trog
115702 | Temple   | Became a worshipper of Makhleb the Destroyer
116075 | Crypt:1  | Entered Level 1 of the Crypt
116291 | Crypt:1  | Reached skill level 1 in Invocations
116499 | Crypt:1  | Reached skill level 1 in Translocations
116548 | Crypt:1  | Reached skill level 1 in Spellcasting
116815 | Depths:3 | Bought the amulet "Kufar" {Gourm Int+8 Dex-3} for 570 gold
                  | pieces
117399 | Crypt:1  | Reached * piety under Makhleb
117857 | Crypt:1  | Learned a level 2 spell: Blink
117983 | Vaults:2 | Identified Desaequgg's Guide on Translocation
118114 | D:13     | Learned a level 1 spell: Apportation
118118 | D:13     | Learned a level 3 spell: Portal Projectile
118451 | Snake:4  | Bought the +8 longbow "Zephyr" {speed, Dex+3 SInv} for 1278
                  | gold pieces
118451 | Snake:4  | Found the +8 longbow "Zephyr" {speed, Dex+3 SInv}
119276 | Lair:6   | Learned a level 2 spell: Swiftness
119278 | Lair:6   | Learned a level 1 spell: Summon Butterflies
119285 | Lair:6   | Learned a level 6 spell: Darkness
119774 | Slime:5  | Found the +10 morningstar "Eos" {elec, Halo rElec}
120003 | Slime:5  | Reached skill level 5 in Invocations
120147 | Slime:5  | Reached skill level 1 in Hexes
120175 | Slime:5  | Reached skill level 1 in Charms
120181 | Slime:5  | Reached ** piety under Makhleb
120200 | Slime:5  | Reached skill level 1 in Air Magic
120490 | Slime:5  | Lost mutation: You possess an exceptional clarity of mind.
                  | [a shining eye]
120528 | Slime:5  | Lost mutation: Your system is resistant to poisons. (rPois)
                  | [potion of mutation]
120528 | Slime:5  | Lost mutation: Your spells are a little easier to cast, but
                  | a little less powerful. [potion of mutation]
120528 | Slime:5  | Lost mutation: You are resistant to hostile enchantments.
                  | (MR+) [potion of mutation]
120528 | Slime:5  | Gained mutation: You are weak. (Str -2) [potion of
                  | mutation]
120528 | Slime:5  | Gained mutation: You are frail. (-10% HP) [potion of
                  | mutation]
120528 | Slime:5  | Gained mutation: Your system is resistant to poisons.
                  | (rPois) [potion of mutation]
120539 | Slime:5  | Lost mutation: Your system is resistant to poisons. (rPois)
                  | [potion of mutation]
120539 | Slime:5  | Lost mutation: You are frail. (-10% HP) [potion of
                  | mutation]
120539 | Slime:5  | Lost mutation: You are weak. (Str -2) [potion of mutation]
120539 | Slime:5  | Gained mutation: Your system is resistant to poisons.
                  | (rPois) [potion of mutation]
120539 | Slime:5  | Gained mutation: You possess an exceptional clarity of
                  | mind. [potion of mutation]
120539 | Slime:5  | Gained mutation: You are weak. (Str -2) [potion of
                  | mutation]
120539 | Slime:5  | Gained mutation: You can translocate small distances at
                  | will. [potion of mutation]
120671 | Slime:5  | Killed the Royal Jelly
121793 | Slime:5  | Got a clouded pewter ring
121868 | Slime:5  | Identified the ring "Mimn" {rF+ rC+ Stlth+} (You found it
                  | on level 5 of the Pits of Slime)
121876 | Slime:5  | Identified the amulet "Giofum" {Inacc rElec} (You found it
                  | on level 5 of the Pits of Slime)
121885 | Slime:5  | Identified the Guide on Feathery Transmigration
121905 | Slime:5  | Got a slimy rune of Zot
122777 | Vaults:5 | Identified The Intricacies of Witchcraft
123458 | Elf:3    | Identified Sif Muna's Papyrus of the Beginning
124468 | Crypt:2  | Reached skill level 1 in Bows
125592 | Crypt:2  | Reached *** piety under Makhleb
125652 | Crypt:2  | Reached skill level 5 in Spellcasting
125729 | Crypt:2  | Reached skill level 5 in Translocations
126284 | Crypt:2  | Found an ancient bone altar of Kikubaaqudgha.
126589 | Crypt:2  | HP: 10/218 [stone giant[the rage of Trog] (37)]
127254 | Crypt:3  | Entered Level 3 of the Crypt
127565 | Crypt:3  | Found a staircase to the Tomb.
128786 | Depths:5 | Noticed a juggernaut
128795 | Depths:5 | Killed a juggernaut
130266 | Depths:5 | Reached skill level 1 in Summonings
130921 | Depths:5 | Reached **** piety under Makhleb
131536 | Depths:5 | Reached skill level 5 in Bows
131860 | Depths:5 | Found a gate to the Realm of Zot.
132905 | Dis:1    | Entered Level 1 of the Iron City of Dis
132954 | Tar:1    | Entered Level 1 of Tartarus
133497 | Lair:5   | Reached XP level 27. HP: 231/231 MP: 35/35
134555 | Slime:4  | Gained mutation: Your body sometimes deteriorates upon
                  | taking damage. [a shining eye]
134557 | Slime:4  | Gained mutation: You are occasionally teleported next to
                  | monsters. [a shining eye]
134588 | Slime:4  | Gained mutation: You are clumsy. (Dex -2) [a shining eye]
136011 | Geh:1    | Entered Level 1 of Gehenna
136067 | Coc:1    | Entered Level 1 of Cocytus
136277 | Coc:1    | Reached ***** piety under Makhleb
136617 | Coc:1    | HP: 9/230 [???[the effects of Hell] (3)]
137411 | Snake:2  | Bought a ration for 50 gold pieces
137411 | Snake:2  | Bought a ration for 50 gold pieces
137411 | Snake:2  | Bought a ration for 50 gold pieces
137411 | Snake:2  | Bought a ration for 50 gold pieces
137411 | Snake:2  | Bought a ration for 50 gold pieces
137411 | Snake:2  | Bought a ration for 50 gold pieces
137411 | Snake:2  | Bought a ration for 50 gold pieces
137411 | Snake:2  | Bought a ration for 50 gold pieces
137411 | Snake:2  | Bought a ration for 50 gold pieces
137411 | Snake:2  | Bought a ration for 50 gold pieces
137411 | Snake:2  | Bought a ration for 50 gold pieces
137411 | Snake:2  | Bought a ration for 50 gold pieces
138038 | Depths:5 | Reached skill level 10 in Invocations
139018 | Zot:1    | Entered Level 1 of the Realm of Zot
140877 | Zot:1    | Reached skill level 10 in Spellcasting
141718 | Zot:2    | Identified the ring "Qaolyufo" {MR+ EV+3 Str+2 Slay+3} (You
                  | acquired it on level 2 of the Realm of Zot)
142026 | Zot:2    | Found the +8 frozen axe "Frostbite" {freezing cloud, *Noise
                  | +Fly rC+}
142078 | Zot:2    | Paralysed by Trog for 3 turns
143176 | Zot:3    | Found a deep blue altar of Sif Muna.
143177 | Zot:3    | Noticed an ancient lich
143193 | Zot:3    | Found a transporter.
143711 | Zot:3    | Found a transporter.
143777 | Zot:3    | HP: 8/233 [stone giant/large rock[the rage of Trog] (40)]
145281 | Zot:3    | HP: 7/233 [stone giant[the rage of Trog] (44)]
145988 | Zot:3    | Was forgiven by Trog
146505 | Zot:3    | Learned a level 2 spell: Corpse Rot
146981 | Orc:2    | Bought a book of Battle for 560 gold pieces
146984 | Orc:2    | Learned a level 2 spell: Song of Slaying
146988 | Orc:2    | Learned a level 3 spell: Regeneration
147467 | Zot:3    | Reached skill level 1 in Necromancy
148169 | Zot:3    | Killed an ancient lich
149368 | Zot:4    | HP: 11/233 [death cob (11)]
149368 | Zot:4    | HP: 1/233 [green draconian monk (10)]
149369 | Zot:4    | Killed from afar by a white draconian knight

Skill      XL: |  1  2  3  4  5  6  7  8  9 10 11 12 13 14 15 16 17 18 19 20 21 22 23 24 25 26 27 |
---------------+----------------------------------------------------------------------------------+-----
Stealth        | 2 3 4 6 7 8 9 10 11 12 13 14 15 16 | 16.2
Dodging        | 3 4 5 6 7 11 12 13 14 15 16 17 19 20 21 | 21.4
Polearms       | 3 4 5 6 |  6.1
Fighting       | 4 5 6 8 9 11 12 13 15 16 17 18 19 20 21 22 | 22.5
Staves         | 1 4 6 9 10 12 13 14 15 16 17 18 19 20 | 20.3
Evocations     | 3 4 6 8 9 10 11 12 13 14 15 16 | 16.1
Armour         | 2 5 6 7 |  7.0
Short Blades   | 2 3 |  3.0
Invocations    | 8 12 | 12.7
Translocations | 5 9 |  9.3
Spellcasting   | 6 11 | 11.6
Hexes          | 3 |  3.4
Charms         | 3 |  3.7
Air Magic      | 2 |  2.9
Bows           | 5 9 |  9.1
Summonings     | 2 |  2.3
Necromancy     | 3 |  3.6

Action                   |  1- 3 |  4- 6 |  7- 9 | 10-12 | 13-15 | 16-18 | 19-21 | 22-24 | 25-27 || total
-------------------------+-------+-------+-------+-------+-------+-------+-------+-------+-------++-------
Melee: Spear             |    74 |   360 |       |       |       |       |       |       |       ||   434
       Trident           |       |   111 |   391 |    26 |    17 |       |       |       |       ||   545
       Flail             |       |    18 |   177 |   635 |   720 |       |       |       |       ||  1550
       Quarterstaff      |       |       |    85 |    25 |   106 |   123 |       |  1729 |  1140 ||  3208
       Dagger            |       |       |       |       |    11 |    16 |       |     3 |     5 ||    35
       Lajatang          |       |       |       |       |  1270 |  1648 |  1191 |   358 |  1019 ||  5486
 Fire: Blowgun           |       |     6 |       |       |       |       |       |       |       ||     6
       Longbow           |       |       |       |       |       |       |       |       |   807 ||   807
 Cast: Blink             |       |       |       |       |       |       |       |       |    23 ||    23
       Summon Butterflie |       |       |       |       |       |       |       |       |     6 ||     6
       Portal Projectile |       |       |       |       |       |       |       |       |    17 ||    17
       Apportation       |       |       |       |       |       |       |       |       |     2 ||     2
Invok: Berserk           |       |       |       |    11 |    42 |    18 |    10 |    12 |     4 ||    97
       Brothers in Arms  |       |       |       |       |    13 |    26 |    16 |    27 |     4 ||    86
       Trog's Hand       |       |       |       |       |       |     6 |     9 |     8 |     1 ||    24
       Lesser Servant of |       |       |       |       |       |       |       |       |     1 ||     1
 Abil: Blink             |       |       |       |       |       |       |       |       |     3 ||     3
       Evoke Berserk Rag |       |       |       |       |       |       |       |       |     1 ||     1
Evoke: Wand              |       |       |     4 |    14 |    15 |     4 |    14 |    31 |    12 ||    94
       Fan of gales      |       |       |       |       |     1 |       |     1 |     1 |     5 ||     8
       Box of beasts     |       |       |       |       |     1 |       |     2 |     3 |     4 ||    10
       Lightning rod     |       |       |       |       |       |       |     4 |     3 |     4 ||    11
       Phial of floods   |       |       |       |       |       |       |       |     4 |     7 ||    11
       Lamp of fire      |       |       |       |       |       |       |       |     2 |     4 ||     6
       Horn of Geryon    |       |       |       |       |       |       |       |     1 |     6 ||     7
       Phantom mirror    |       |       |       |       |       |       |       |     1 |       ||     1
       Sack of spiders   |       |       |       |       |       |       |       |       |     4 ||     4
  Use: Potion            |     1 |       |     5 |     8 |     4 |     2 |     6 |    11 |    15 ||    52
       Scroll            |       |     1 |     2 |    14 |    12 |    21 |    11 |    20 |    36 ||   117
 Stab: Sleeping          |     3 |    15 |     9 |    11 |    36 |    47 |    21 |    29 |    27 ||   198
       Distracted        |       |       |     3 |     5 |    21 |    11 |    19 |    21 |    13 ||    93
       Invisible         |       |       |       |     4 |       |       |       |       |       ||     4
       Confused          |       |       |       |       |       |     1 |       |       |       ||     1
       Betrayed ally     |       |       |       |       |       |       |     1 |       |       ||     1
       Paralysed         |       |       |       |       |       |       |       |     1 |       ||     1
       Petrified         |       |       |       |       |       |       |       |     2 |       ||     2
  Eat: Chunk             |       |    10 |    16 |    23 |    70 |    20 |    23 |    41 |    27 ||   230
       Ration            |       |     1 |     3 |     5 |    11 |    23 |    14 |    21 |    37 ||   115
Armor: Robe              |    16 |    33 |       |       |       |   384 |   274 |   314 |   465 ||  1486
       Animal skin       |       |    52 |   158 |   145 |   380 |    18 |       |       |       ||   753
       Skin              |       |       |       |   125 |       |       |       |       |       ||   125
Dodge: Dodged            |    37 |   283 |   524 |   642 |  2152 |  1410 |   995 |  2121 |  2691 || 10855
